 Dungeon Crawl Stone Soup version 0.28.0 (webtiles) character file.

Game seed: 4542974414874337472

10 SnakkuSnakku7 the Sneak (level 2, -2/16 HPs)
             Began as a Tengu Enchanter on Feb 5, 2022.
             Frozen to death by an endoplasm (4 damage)
             ... on level 2 of the Dungeon.
             The game lasted 00:00:56 (594 turns).

SnakkuSnakku7 the Sneak (Tengu Enchanter)            Turns: 594, Time: 00:00:56

Health: -2/16      AC:  3    Str:  8    XL:     2   Next: 20%
Magic:  6/6        EV: 12    Int: 15    God:
Gold:   50         SH:  0    Dex: 14    Spells: 5/5 levels left

rFire   . . .      SeeInvis .   h - +1 whip (pain)
rCold   . . .      Faith    .   (no shield)
rNeg    . . .      Spirit   .   b - +0 robe
rPois   .          Reflect  .   (helmet restricted)
rElec   .          Harm     .   i - +0 cloak
rCorr   .          Rampage  .   (no gloves)
Will    .....                   (boots unavailable)
Stlth   ++........              (no amulet)
HPRegen 0.05/turn               (no ring)
MPRegen 0.10/turn               (no ring)

@: no status effects
A: beak, talons 3
a: no special abilities


You were on level 2 of the Dungeon.
You visited 1 branch of the dungeon, and saw 2 of its levels.

You collected 50 gold pieces.

Inventory:

Hand Weapons
 a - a +1 dagger
 h - a +1 whip of pain (weapon)
Missiles
 d - 22 bolts
Armour
 b - a +0 robe (worn)
 i - a +0 cloak (worn)
Jewellery
 g - a ring of positive energy
Scrolls
 f - a scroll of enchant armour {unknown}
Potions
 c - a potion of invisibility
 e - a potion of lignification {unknown}


   Skills:
 - Level 1.6 Fighting
 - Level 1.1 Short Blades
 + Level 0.1 Maces & Flails
 - Level 2.1 Dodging
 - Level 3.0 Stealth
 - Level 2.0 Spellcasting
 - Level 2.1 Hexes
 + Level 0.4 Necromancy


You had 5 spell levels left.
You didn't know any spells.
Your spell library contained the following spells:

 Spells                   Type           Power      Damage    Failure   Level
 Ensorcelled Hibernation  Hex/Ice        8%         N/A       22%         2
 Confusing Touch          Hex            8%         N/A       26%         3
 Tukima's Dance           Hex            8%         N/A       26%         3
 Dazzling Flash           Conj/Hex       8%         N/A       38%         3


Dungeon Overview and Level Annotations

Branches:
Dungeon (2/15)

Altars:


Innate Abilities, Weirdness & Mutations

You have a beak for a mouth.
You have claws for feet.


Message History

Where to? (Enter - D:1 @ (x,y), ? - help)
There is a stone staircase leading down here.
You climb downwards.
Found 14 gold pieces and 15 bolts.
There is a stone staircase leading up here.
There are monsters nearby!
The endoplasm quivers.
The hobgoblin shouts!
You hear a shout!
You hear an angry hiss.
You catch the helpless quokka completely off-guard!
You hit the quokka but do no damage. Your kick misses the quokka.
The quokka bites you but does no damage.
The endoplasm hits you.
You miss the quokka. You peck the quokka.
The quokka is moderately wounded.
The quokka closely misses you.
The endoplasm hits you but does no damage.
You barely miss the quokka.
The quokka is moderately wounded.
The quokka barely misses you. The endoplasm closely misses you.
The hobgoblin hits you. The quokka closely misses you.
You hit the quokka but do no damage. You peck the quokka.
The quokka is heavily wounded.
The endoplasm barely misses you. The quokka misses you.
The hobgoblin barely misses you.
You barely miss the quokka.
The quokka is heavily wounded.
The quokka bites you. The endoplasm closely misses you.
The hobgoblin closely misses you.
You closely miss the quokka. You claw the quokka, but do no damage.
The quokka is heavily wounded.
The quokka bites you but does no damage.
The endoplasm freezes you.
You are frozen.
The hobgoblin hits you.
* * * LOW HITPOINT WARNING * * *
The quokka misses you. The quokka bites you.
* * * LOW HITPOINT WARNING * * *
The endoplasm freezes you.
You are frozen.
You die...

#.# #.# ##
#.# . #.#.#
##.#. ... #.#
# . #@# .....
. #J# #.#.#.#
#g#####.#.#.#
#.#.........
#r###.#.#.###
#...r........
#####.#.#.##
#...<..+
##.....#


You could see an endoplasm, a quokka and a hobgoblin.

Vanquished Creatures
  A ball python (D:1)
  An endoplasm (D:1)
  A giant cockroach (D:1)
  3 goblins (D:1)
  2 bats (D:1)
  A kobold (D:1)
  A rat (D:1)
10 creatures vanquished.

Notes
Turn   | Place    | Note
-------+----------+-------------------------------------------
     0 | D:1      | SnakkuSnakku7 the Tengu Enchanter began the quest for the
                  | Orb.
     0 | D:1      | Reached XP level 1. HP: 10/10 MP: 4/4
    88 | D:1      | Reached skill level 1 in Fighting
   329 | D:1      | Reached XP level 2. HP: 16/16 MP: 6/6
   594 | D:2      | Frozen to death by an endoplasm

Illustrated notes

Levels and vault maps discovered:
D:1:      grunt_arrival_crossed_arrows, layout_loops_cross
D:2:      layout_basic, hellmonk_ecumenical_altar_pennies_from_heaven

Skill      XL: |  1 |
---------------+----+-----
Fighting       | 1 |  1.6
Short Blades   | |  1.1
Maces & Flails | |  0.1
Dodging        | |  2.1
Stealth        | |  3.0
Spellcasting   | |  2.0
Hexes          | |  2.1
Necromancy     | |  0.4

Action                   || total
-------------------------++-------
Melee: Dagger            ||    11
       Kick              ||     5
       Peck              ||     4
       Whip              ||    15
 Stab: Sleeping          ||     3
       Distracted        ||     1
Armor: Robe              ||     8
Dodge: Dodged            ||    27
